 Dungeon Crawl Stone Soup version 0.26-b1-32-g5d43845318 (webtiles) character file.

Game seed: 8975244558837807366

1463 Borgoz the Skirmisher (level 8, -7/70 HPs)
             Began as a Ghoul Gladiator on Jan 13, 2021.
             Splashed by a jelly's acid (9 damage)
             ... on level 5 of the Dungeon.
             The game lasted 00:06:44 (5160 turns).

Borgoz the Skirmisher (Ghoul Gladiator)             Turns: 5160, Time: 00:06:45

Health: -7/70      AC: -4    Str: 20    XL:     8   Next: 77%
Magic:  0/7        EV: 12    Int:  3    God:
Gold:   245        SH:  0    Dex: 10    Spells: 7/7 levels left

rFire    + . .     SeeInvis .   a - +0 flail
rCold    + . .     Faith    .   (no shield)
rNeg     + + +     Spirit   +   f - +0 scale mail
rPois    ∞         Reflect  .   c - +0 helmet
rElec    .         Harm     .   s - +1 cloak
rCorr    .         Rampage  .   p - +0 pair of gloves
Will     .....                  (no boots)
Stlth    ..........             j - amulet of guardian spirit
HPRegen  0.00/turn              z - ring of protection from fire
MPRegen  0.10/turn              (no ring)

@: corroded
A: claws 1, cold resistance 1, negative energy resistance 3, inhibited
regeneration, torment resistance, unbreathing
a: no special abilities


You were on level 5 of the Dungeon.
You visited 1 branch of the dungeon, and saw 5 of its levels.

You collected 245 gold pieces.

Inventory:

Hand Weapons
 a - a +0 flail (weapon)
Missiles
 d - 3 throwing nets (quivered)
Armour
 c - a +0 helmet (worn)
 f - a +0 scale mail (worn)
 p - a +0 pair of gloves (worn)
 s - a +1 cloak (worn)
Jewellery
 j - an amulet of guardian spirit (around neck)
 z - a ring of protection from fire (left hand)
Wands
 w - a wand of flame (15)
Scrolls
 b - a scroll of random uselessness {unknown}
 e - a scroll of identify
 h - a scroll of magic mapping
 i - a scroll of fog
 k - a scroll of remove curse
 l - a scroll of fear
 m - 3 scrolls of teleportation
 r - a scroll of enchant weapon {unknown}
 u - a scroll of blinking {unknown}
 y - a scroll of noise {unknown}
Potions
 g - a potion of flight
 n - 2 potions of cancellation
 t - 2 potions of haste
 x - a potion of might


   Skills:
 * Level 6.1 Fighting
 * Level 5.4 Maces & Flails
 - Level 1.7 Throwing
 * Level 4.6 Armour
 * Level 5.5 Dodging


You had 7 spell levels left.
You didn't know any spells.
Your spell library was empty.

Dungeon Overview and Level Annotations

Branches:
Dungeon (5/15)
 Temple: D:4-7

Altars:
Elyvilon
Uskayaw
Vehumet
Zin


Innate Abilities, Weirdness & Mutations

You thrive by killing the living.
You are immune to poison.
You have sharp fingernails.
Your flesh is cold resistant. (rC+)
You are immune to negative energy. (rN+++)
You do not regenerate when monsters are visible.
You are immune to unholy pain and torment.
You can survive without breathing.


Message History

You hit the jelly. The acid corrodes you!
Your hands burn!
* * * LOW HITPOINT WARNING * * *
The jelly is heavily wounded.
The jelly barely misses you.
The howler monkey hoots and howls with incredible vigour!
You hear an angry hiss. x2
The jelly hits you.
* * * LOW HITPOINT WARNING * * *
The acid corrodes you!
You are splashed with acid!
* * * LOW HITPOINT WARNING * * *
Found 12 gold pieces.
The howler monkey hoots and howls with incredible vigour!
You hear an angry hiss.
You hear a bark!
The howler monkey hoots and howls with incredible vigour!
The howler monkey hoots and howls with incredible vigour!
Found a stone staircase leading up.
The jelly hits you.
* * * LOW HITPOINT WARNING * * *
You are splashed with acid!
You die...

**********,* #######
#.....#*,,* #......
#..<...,,** #...... #.....#***
#...... #.....# #......
#.....# #.....? #.....#
#...... #.....# #####......
*####...@.#####.hZZ......
*........J#..w..#####.##.
*.#######....####....(Z..
****,*** ##........###Zh.>
**,,,,,,*****#....##### #..##
**,,,,,,,**,,..........* #..#
*,,,,,,,,**,####.$.$...###..##
*,,,,,,,,,,,* *##........#..#.
*,,,,,,,,******,..##..........


You could see a jelly.

Vanquished Creatures
  Sigmund (D:2)
  A water moccasin (D:5)
  An ice beast (D:5)
  A sky beast (D:4)
  2 phantoms (D:4)
  An ogre (D:4)
  A bullfrog (D:3)
  2 scorpions
  A vampire bat (D:3)
  A bullfrog zombie (D:4)
  2 centaur skeletons (D:4)
  Crazy Yiuf (D:2)
  A hound (D:4)
  A bullfrog skeleton (D:4)
  2 worker ants
  An orc wizard (D:4)
  2 hound zombies (D:4)
  2 hound skeletons (D:4)
  Robin (D:2)
  14 adders
  A shadow imp (D:5)
  A worm (D:2)
  3 dart slugs
  2 leopard geckos
  5 orcs
  14 bats
  5 giant cockroaches
  14 goblins
  6 hobgoblins
  11 jackals
  5 kobolds
  3 quokkas
  7 ball pythons
  8 frilled lizards
  A jackal skeleton (D:4)
  A leopard gecko zombie (D:4)
  2 quokka skeletons (D:4)
  2 quokka zombies
  9 rats
139 creatures vanquished.

Vanquished Creatures (others)
  An orc (D:4)
  A quokka (D:3)
2 creatures vanquished.

Grand Total: 141 creatures vanquished

Notes
Turn   | Place    | Note
-------+----------+-------------------------------------------
     0 | D:1      | Borgoz the Ghoul Gladiator began the quest for the Orb.
     0 | D:1      | Reached XP level 1. HP: 17/17 MP: 0/0
   124 | D:1      | Reached XP level 2. HP: 23/25 MP: 1/1
   975 | D:1      | Reached XP level 3. HP: 29/30 MP: 2/2
  1022 | D:1      | Reached skill level 1 in Armour
  1466 | D:2      | Noticed Robin
  1649 | D:2      | Killed Robin
  1650 | D:2      | Reached skill level 3 in Fighting
  1650 | D:2      | Reached XP level 4. HP: 35/38 MP: 3/3
  1922 | D:2      | Found a glowing silver altar of Zin.
  2216 | D:2      | Reached XP level 5. HP: 38/45 MP: 4/4
  2331 | D:2      | Noticed Sigmund
  2353 | D:2      | Killed Sigmund
  2354 | D:2      | Reached XP level 6. HP: 28/52 MP: 3/5
  2363 | D:2      | Reached skill level 4 in Fighting
  2668 | D:2      | Found a runed translucent door.
  2669 | D:2      | Noticed Crazy Yiuf
  2776 | D:2      | Killed Crazy Yiuf
  3071 | D:3      | Found a radiant altar of Vehumet.
  3310 | D:3      | Reached XP level 7. HP: 58/60 MP: 6/6
  3954 | D:4      | Reached skill level 5 in Fighting
  4277 | D:4      | Found a white marble altar of Elyvilon.
  4387 | D:4      | Reached XP level 8. HP: 26/68 MP: 3/7
  4661 | D:4      | Reached skill level 5 in Maces & Flails
  4661 | D:4      | Reached skill level 5 in Dodging
  4992 | D:5      | Entered Level 5 of the Dungeon
  5000 | D:5      | Found a hide-covered altar of Uskayaw.
  5049 | D:5      | Reached skill level 6 in Fighting
  5152 | D:5      | HP: 3/70 [acid (7)]
  5160 | D:5      | HP: 2/70 [jelly (1)]
  5160 | D:5      | Splashed by a jelly's acid

Illustrated notes

Levels and vault maps discovered:
D:1:      amcnicky_arrival_feature_with_door, layout_basic
D:2:      layout_loops_corners, nicolae_overflow_crystal_walls, uniq_robin,
          uniq_crazy_yiuf_cottage, uniq_sigmund
D:3:      layout_loops_cross, fiery_altar_vehumet, roderic_batcave,
          minmay_snake_closets
D:4:      layout_gridville, elyvilon_altar_3, serial_undead, serial_undead_a,
          serial_undead_e, serial_undead_f, serial_undead_f, minmay_box_of_dots
D:5:      layout_rooms, eat_drink_and_be_merry_uskayaw, portal_sewer_entry_d,
          amcnicky_altar_lugonu_corruption

Skill      XL: |  1  2  3  4  5  6  7  8 |
---------------+-------------------------+-----
Dodging        | 3 4 5 |  5.5
Armour         | 1 2 3 4 |  4.6
Maces & Flails | 3 4 5 |  5.4
Fighting       | 3 4 5 6 |  6.1
Throwing       | |  1.7

Action                   |  1- 3 |  4- 6 |  7- 9 || total
-------------------------+-------+-------+-------++-------
Melee: Flail             |   106 |   184 |   356 ||   646
Throw: Throwing net      |       |     3 |       ||     3
  Use: Potion            |       |     4 |     4 ||     8
       Scroll            |       |       |    12 ||    12
Armor: Leather armour    |    18 |       |       ||    18
       Scale mail        |    49 |   102 |   315 ||   466
Dodge: Dodged            |   109 |   125 |   368 ||   602
